 Dungeon Sprint DCSS version 0.19-a0-895-gdbd5520 (webtiles) character file.

231 LORDOFBUTT the Blocker (level 5, -8/53 HPs)
             Began as a Minotaur Fighter on July 4, 2016.
             Was an Initiate of Gozag.
             Mangled by an orc warrior
             ... wielding a +0 dire flail
              (14 damage)
             ... in the Dungeon (Sprint IX: "|||||||||||||||||||||||||||||").
             The game lasted 00:00:49 (392 turns).

LORDOFBUTT the Blocker (Minotaur Fighter)            Turns: 392, Time: 00:00:49

Health: -8/53      AC:  8    Str: 20    XL:     5   Next: 73%
Magic:  4/4        EV: 13    Int:  5    God:    Gozag
Gold:   0          SH: 11    Dex: 14    Spells: 0 memorised, 4 levels left

rFire  . . .     SeeInvis .     s - +2 morningstar (crush)
rCold  . . .     Gourm    .     r - +2 ring mail
rNeg   . . .     Faith    .     c - +0 shield
rPois  .         Spirit   .     (helmet restricted)
rElec  .         Dismiss  .     (no cloak)
rCorr  .         Reflect  .     (no gloves)
SustAt .         Harm     .     (no boots)
MR     .....     NoTele   +     (no amulet)
Stlth  +.........               q - +3 ring of dexterity
                                p - +2 ring of evasion

@: gold aura, not resistant to hostile enchantments, very unstealthy
A: retaliatory headbutt, horns 2
a: Potion Petition, Call Merchant, Bribe Branch, Renounce Religion


You were in the Dungeon.
You worshipped Gozag.
Gozag was noncommittal.
You were not hungry.

You visited 1 branch

Inventory:

Hand Weapons
 s - a +2 morningstar of crushing (weapon)
Armour
 c - a +0 shield (worn)
 r - a +2 ring mail (worn)
Jewellery
 p - a +2 ring of evasion (left hand)
 q - a +3 ring of dexterity (right hand)
Wands
 o - a wand of acid (7/15)
Scrolls
 k - 2 scrolls of blinking
 m - 3 scrolls of remove curse
 n - 2 scrolls of amnesia
Potions
 d - a potion of might
 e - 5 potions of curing
 g - 3 potions of heal wounds
 h - a potion of haste
 i - 4 potions of magic
 j - a potion of berserk rage
 l - a potion of invisibility
Comestibles
 f - a bread ration


   Skills:
 + Level 8.2 Fighting
 + Level 5.5 Maces & Flails
 + Level 8.1 Armour
 + Level 3.4 Dodging
 + Level 8.3 Shields


You had 4 spell levels left.
You didn't know any spells.

Dungeon Overview and Level Annotations

Branches:
Dungeon (1/1)

Altars:
Cheibriados
Dithmenos
Elyvilon
Fedhas
Gozag
Hepliaklqana
Kikubaaqudgha
Makhleb
Nemelex Xobeh
Okawaru
Pakellas
Qazlal
Ru
Sif Muna
Trog
Uskayaw
Vehumet
Xom
Yredelemnul
Zin
The Shining One
Beogh
Jiyva
Lugonu


Innate Abilities, Weirdness & Mutations

You reflexively headbutt those who attack you in melee.
You have a pair of horns on your head.


Message History

The orc warrior hits you with a dire flail.
You closely miss the orc warrior. The orc warrior closely misses you.
You hit the orc warrior but do no damage.
The orc warrior closely misses you.
You puncture the orc warrior! You headbutt the orc warrior.
The orc warrior is severely wounded.
The orc warrior hits you with a dire flail!!
* * * LOW HITPOINT WARNING * * *
The orc warrior closely misses you.
You hit the orc warrior but do no damage.
The orc warrior is severely wounded.
The orc warrior closely misses you.
You barely miss the orc warrior. Your headbutt misses the orc warrior.
The orc warrior is severely wounded.
You block the orc warrior's attack.
You hit the orc warrior.
The orc warrior is almost dead.
The orc warrior hits you with a dire flail!
You die...
Your body crumbles into a pile of gold. $$$$$$ $$$$$ $ $ $ $$$$$ ▓▓▓▓▓▓▓▓▓▓▓▓▓▓▓▓▓▓▓▓▓▓▓▓ _______'[.|)[[..@o≈..... ▓▓▓▓▓▓▓▓▓▓▓▓▓▓▓▓▓▓▓▓▓▓▓▓

You could see an orc warrior.

Vanquished Creatures
  A sky beast (D)
  A giant frog (D)
  An iguana (D)
  A worker ant (D)
  An adder (D)
  A shadow imp (D)
  A giant gecko (D)
  An orc (D)
  A bat zombie (D)
  A giant cockroach (D)
  A goblin (D)
  A hobgoblin (D)
  A quokka (D)
  A bat (D)
  A rat (D)
15 creatures vanquished.

Notes
Turn   | Place    | Note
-------+----------+-------------------------------------------
     0 | D        | LORDOFBUTT the Minotaur Fighter began the quest for the Orb.
     0 | D        | Reached XP level 1. HP: 19/19 MP: 0/0
    20 | D        | Noticed an iguana
    23 | D        | Reached XP level 2. HP: 28/28 MP: 1/1
    29 | D        | Reached skill level 5 in Fighting
    29 | D        | Reached skill level 5 in Armour
    29 | D        | Reached skill level 5 in Shields
    29 | D        | Reached XP level 3. HP: 10/36 MP: 2/2
    40 | D        | Reached skill level 1 in Dodging
   279 | D        | Found a glowing silver altar of Zin.
   279 | D        | Found a glowing golden altar of the Shining One.
   279 | D        | Found an ancient bone altar of Kikubaaqudgha.
   279 | D        | Found a basalt altar of Yredelemnul.
   279 | D        | Found a shimmering altar of Xom.
   279 | D        | Found a radiant altar of Vehumet.
   280 | D        | Found an iron altar of Okawaru.
   281 | D        | Found a burning altar of Makhleb.
   282 | D        | Found a deep blue altar of Sif Muna.
   283 | D        | Found a bloodstained altar of Trog.
   284 | D        | Found a sparkling altar of Nemelex Xobeh.
   285 | D        | Found a white marble altar of Elyvilon.
   286 | D        | Found a roughly hewn altar of Beogh.
   287 | D        | Found a viscous altar of Jiyva.
   288 | D        | Found a corrupted altar of Lugonu.
   289 | D        | Found a blossoming altar of Fedhas.
   290 | D        | Found a snail-covered altar of Cheibriados.
   291 | D        | Found a shadowy altar of Dithmenos.
   292 | D        | Found a stormy altar of Qazlal.
   293 | D        | Found an opulent altar of Gozag.
   294 | D        | Found a sacrificial altar of Ru.
   295 | D        | Found an oddly glowing altar of Pakellas.
   296 | D        | Found a hide-covered altar of Uskayaw.
   297 | D        | Found a hazy altar of Hepliaklqana.
   303 | D        | Became a worshipper of Gozag Ym Sagoz the Greedy
   363 | D        | Noticed a giant frog
   363 | D        | Noticed a sky beast
   363 | D        | Noticed an orc warrior
   371 | D        | Killed a giant frog
   371 | D        | Reached XP level 4. HP: 33/45 MP: 3/3
   382 | D        | Killed a sky beast
   382 | D        | Reached skill level 5 in Maces & Flails
   382 | D        | Reached XP level 5. HP: 33/53 MP: 4/4
   392 | D        | Mangled by an orc warrior

Vault maps used:
D:        linesprint

Skill      XL: |  1  2  3  4  5 |
---------------+----------------+-----
Armour         | 4 5 6 7 8 |  8.1
Shields        | 4 5 6 8 |  8.3
Fighting       | 4 5 6 8 |  8.2
Maces & Flails | 3 4 5 |  5.5
Dodging        | 2 3 |  3.4

Action                   |  1- 3 |  4- 6 || total
-------------------------+-------+-------++-------
Melee: Flail             |    32 |       ||    32
       Headbutt          |     4 |     4 ||     8
       Morningstar       |     8 |    21 ||    29
Armor: Scale mail        |    10 |       ||    10
       Ring mail         |     2 |     4 ||     6
Dodge: Dodged            |    13 |     7 ||    20
Block: Shield            |    18 |     8 ||    26
